 Dungeon Crawl Stone Soup version 0.29.1-15-g9cfb28693d (webtiles) character file.

Game seed: 7377474276178788272

746 leafyfresh the Covert (level 7, -1/49 HPs)
             Began as an Octopode Delver on Mar 13, 2023.
             Slain by a water moccasin (5 damage)
             ... on level 6 of the Dungeon.
             The game lasted 00:05:58 (4074 turns).

leafyfresh the Covert (Octopode Delver)             Turns: 4074, Time: 00:05:59

Health: -1/49      AC:  1    Str: 17    XL:     7   Next: 77%
Magic:  7/10       EV: 14    Int: 20    God:
Gold:   203        SH:  0    Dex: 14    Spells: 7/10 levels left

rFire   . . .      SeeInvis .   n - +0 dagger (venom)
rCold   . . .      Faith    .   (no shield)
rNeg    . . .      Spirit   .   (helmet restricted)
rPois   .          Reflect  .   (no amulet)
rElec   .          Harm     .   l - +6 ring of intelligence
rCorr   .          Rampage  .   p - +6 ring of strength
Will    .....                   (no ring)
Stlth   +++++.....              (no ring)
HPRegen 0.16/turn               (no ring)
MPRegen 0.12/turn               (no ring)
                                (no ring)
                                (no ring)

@: lethally poisoned (-1 -> -8)
A: almost no armour, amphibious, 8 rings, camouflage 1, gelatinous body 1,
(nimble swimmer 1), tentacles
a: no special abilities


You were on level 6 of the Dungeon.
You visited 1 branch of the dungeon, and saw 6 of its levels.

You collected 203 gold pieces.

Inventory:

Hand Weapons
 a - a +0 short sword
 n - a +0 dagger of venom (weapon)
 v - a +1 dagger of pain
Missiles
 o - a throwing net (quivered)
Magical Staves
 g - a staff of air
Jewellery
 l - a +6 ring of intelligence (left tentacle)
 p - a +6 ring of strength (right tentacle)
Wands
 f - a wand of digging (3)
Scrolls
 b - a scroll of fog
 c - a scroll of magic mapping
 h - a scroll of enchant armour {unknown}
 k - a scroll of vulnerability {unknown}
 m - a scroll of poison {unknown}
 q - a scroll of enchant weapon {unknown}
 s - 3 scrolls of teleportation {unknown}
 u - 4 scrolls of identify {unknown}
 x - a scroll of acquirement {unknown}
Potions
 e - 3 potions of haste
 i - a potion of berserk rage {unknown}
 j - 3 potions of lignification {unknown}
 r - a potion of curing {unknown}
 t - 2 potions of heal wounds {unknown}
 w - a potion of might {unknown}


   Skills:
 - Level 4.7 Fighting
 - Level 2.0 Short Blades
 - Level 4.0 Dodging
 - Level 8.4 Stealth
 + Level 2.1 Spellcasting
 + Level 2.3 Conjurations
 + Level 2.4 Air Magic
 + Level 2.9 Poison Magic


You had 7 spell levels left.
You knew the following spells:

 Your Spells              Type           Power      Damage    Failure   Level
a - Mephitic Cloud        Conj/Pois/Air  12%        N/A       16%         3

Your spell library contained the following spells:

 Spells                   Type           Power      Damage    Failure   Level
 Sublimation of Blood     Necr           2%         N/A       24%         2
 Wereblood                Tmut           2%         N/A       24%         2
 Ignite Poison            Fire/Tmut/Pois 6%         N/A       30%         3
 Freezing Cloud           Conj/Ice/Air   4%         6-21      92%         5
 Summon Hydra             Summ           1%         N/A       100%        7


Dungeon Overview and Level Annotations

Branches:
Dungeon (5/15)
 Temple: D:4-7

Altars:

Shops:
D:2 :

Annotations:
D:5 Pikel


Innate Abilities, Weirdness & Mutations

You cannot wear most types of armour.
You are amphibious.
You can wear up to eight rings at the same time.
Your skin changes colour to match your surroundings (Stealth+).
Your rubbery body absorbs attacks. (AC +1, EV +1)
((You are camouflaged when in or above water. (Stealth+)))
You have tentacles for arms and can constrict up to eight enemies at once.


Message History

You squeeze Eustachio.
Eustachio is moderately wounded.
You constrict Eustachio. The water moccasin misses you.
Eustachio hits you with a +0 rapier!
Unknown command.
You hit Eustachio but do no damage.
Eustachio looks as sick as possible!
Your squeeze misses Eustachio.
Eustachio is moderately wounded.
You constrict Eustachio. The water moccasin bites you!
Eustachio hits you with a +0 rapier!
Unknown command.
You hit Eustachio but do no damage.
Eustachio looks as sick as possible!
Eustachio is heavily wounded.
You constrict Eustachio. The water moccasin barely misses you.
The water moccasin bites you.
Eustachio hits himself with a +0 rapier.
Unknown command.
You catch the helpless Eustachio completely off-guard!
You impale Eustachio!!
You kill Eustachio!
The water moccasin bites you!
* * * LOW HITPOINT WARNING * * *
Your Spellcasting skill increases to level 2!
Your Conjurations skill increases to level 2!
Your Air Magic skill increases to level 2!
You barely miss the water moccasin. Your grab misses the water moccasin.
You tentacle-slap the water moccasin, but do no damage.
You squeeze the water moccasin.
The water moccasin is lightly wounded.
The water moccasin bites you.
* * * LOW HITPOINT WARNING * * *
You are lethally poisoned!
The water moccasin poisons you!
As you read the scroll of fear, it crumbles to dust.
You assume a fearsome visage.
The water moccasin resists with some effort.
* * * LOW HITPOINT WARNING * * *
You feel very sick. The water moccasin bites you.
You die...

#...................#############
#...................#
###'####+######.....# .#....#
#.....# .#....# #.....# .'....#
#.....# ##....# #.....# ##...?+
#?....# ......# #.@S..# รท.....#
#)....# ###############.....#
#...................#
'...................'.
#...................#..
....................#'##
....................# .
....................#


You could see a water moccasin.

Vanquished Creatures
  Eustachio (D:6)
  A black bear (D:4)
  A phantom (D:6)
  A scorpion (D:5)
  A howler monkey (D:6)
  2 jellies
  5 iguanas
  A gnoll (D:3)
  8 adders
  2 ufetubi
  A worm (D:4)
  3 dart slugs
  3 orcs
  10 endoplasms
  A giant cockroach (D:1)
  7 goblins
  2 hobgoblins (D:4)
  8 kobolds
  3 quokkas
  5 ball pythons
  6 bats
  6 frilled lizards
  4 rats
82 creatures vanquished.

Notes
Turn   | Place    | Note
-------+----------+-------------------------------------------
     0 | D:5      | leafyfresh the Octopode Delver began the quest for the Orb.
     0 | D:5      | Reached XP level 1. HP: 16/16 MP: 1/1
    30 | D:5      | Reached XP level 2. HP: 5/21 MP: 2/2
   559 | D:5      | Reached skill level 7 in Stealth
   559 | D:5      | Reached XP level 3. HP: 26/26 MP: 3/3
   579 | D:5      | Reached XP level 4. HP: 28/33 MP: 4/4
   617 | D:5      | Noticed a scorpion
   627 | D:5      | Killed a scorpion
   628 | D:5      | Reached XP level 5. HP: 26/37 MP: 5/5
   963 | D:5      | Noticed a lemure
   967 | D:5      | Noticed Pikel
   998 | D:4      | Noticed a black bear
  1055 | D:4      | Killed a black bear
  1056 | D:4      | Reached skill level 8 in Stealth
  1056 | D:4      | Reached XP level 6. HP: 25/44 MP: 6/6
  2195 | D:2      | Learned a level 3 spell: Mephitic Cloud
  2476 | D:2      | Found Gicrempe's Book Shop.
  2954 | D:1      | Reached skill level 1 in Poison Magic
  3212 | D:1      | Reached skill level 1 in Air Magic
  3597 | D:3      | You fall into a shaft and drop 3 floors!
  3605 | D:6      | Noticed Eustachio
  3663 | D:6      | Reached skill level 1 in Spellcasting
  3663 | D:6      | Reached skill level 1 in Conjurations
  3663 | D:6      | Reached XP level 7. HP: 44/49 MP: 8/8
  4072 | D:6      | Killed Eustachio
  4074 | D:6      | Slain by a water moccasin

Illustrated notes

Levels and vault maps discovered:
D:1:      minmay_arrival_jagged, layout_basic, serial_rivers,
          chequers_serial_rivers_micro_e, chequers_serial_rivers_large_b,
          chequers_serial_rivers_small_a, chequers_serial_rivers_marsh,
          chequers_serial_rivers_room_b
D:2:      layout_loops_cross, serial_shops, nicolae_shop_hallway_stairs
D:3:      layout_basic
D:4:      minmay_opposing_rooms, layout_basic, minmay_increasing_density
D:5:      corexii_shack_village, layout_loops_ring, hex_tiny,
          lightli_corner_chamber, uniq_duvessa, uniq_pikel, uniq_sigmund,
          uniq_edmund
D:6:      layout_gridville, uniq_eustachio, uniq_prince_ribbit1,
          uniq_blork_the_orc

Skill      XL: |  1  2  3  4  5  6  7 |
---------------+----------------------+-----
Stealth        | 7 8 |  8.4
Fighting       | 4 |  4.7
Dodging        | 3 4 |  4.0
Poison Magic   | 1 2 |  2.9
Air Magic      | 1 2 |  2.4
Spellcasting   | 1 2 |  2.1
Conjurations   | 1 2 |  2.3
Short Blades   | |  2.0

Action                   |  1- 3 |  4- 6 |  7- 9 || total
-------------------------+-------+-------+-------++-------
Melee: Short sword       |     9 |    74 |       ||    83
       Constrict         |     2 |    28 |     3 ||    33
       Tentacles         |     1 |    44 |     7 ||    52
       Punch             |       |     2 |     1 ||     3
       Dagger            |       |    55 |    27 ||    82
 Cast: Mephitic Cloud    |       |       |     1 ||     1
  Use: Scroll            |       |       |     1 ||     1
 Stab: Sleeping          |     2 |    26 |     3 ||    31
       Distracted        |       |     1 |       ||     1
       Confused          |       |       |     1 ||     1
Armor: Skin              |     1 |     5 |       ||     6
Dodge: Dodged            |     4 |    83 |    17 ||   104
